 Dungeon Crawl Stone Soup version 0.31.0-12-g77e489cdc1 (webtiles) character file.

Game seed: 506848055275456087

5142 Maxxillo the Cleaver (level 10, 0/88 HPs)
             Began as a Minotaur Fighter on Feb 16, 2024.
             Was a Follower of Trog.
             Slain by an orc warrior
             ... wielding a +0 halberd
              (8 damage)
             ... in a bailey.
             The game lasted 00:38:25 (8187 turns).

Maxxillo the Cleaver (Minotaur Fighter)             Turns: 8187, Time: 00:38:25

Health: 0/88       AC: 18    Str: 20    XL:     10   Next: 33%
Magic:  9/9        EV:  8    Int:  5    God:    Trog [*.....]
Gold:   104        SH:  6    Dex: 15    Spells: 9/9 levels left

rFire   . . .        O - +4 war axe
rCold   . . .        c - +0 buckler
rNeg    . . .        l - +0 plate armour
rPois   .            (helmet restricted)
rElec   .            t - +0 cloak
rCorr   .            (no gloves)
SInv    .            M - +0 pair of boots
Will    .....        (no amulet) Stlth
                     (no ring)
HPRegen 0.34/turn    (no ring)
MPRegen 0.11/turn

%: no passive effects
@: invisible
A: horns 2, retaliatory headbutt
a: Renounce Religion, Berserk


You were in a bailey.
You worshipped Trog.
Trog was aware of your devotion.
You visited 2 branches of the dungeon, and saw 9 of its levels.
You also visited: Bailey.

You collected 288 gold pieces.
You spent 184 gold pieces at shops.

Inventory:

Hand Weapons
 F - a +2 antimagic hand axe
 O - a +4 war axe (weapon)
 P - a +3 battleaxe
 Q - a +1 hand axe of freezing
Armour
 c - a +0 buckler (worn)
 l - a +0 plate armour (worn)
 t - a +0 cloak (worn)
 H - +0 steam dragon scales
 I - a +1 robe of fire resistance
 M - a +0 pair of boots (worn)
Jewellery
 u - an amulet of regeneration
 y - a ring of wizardry
Talismans
 i - a blade talisman
Wands
 m - a wand of polymorph (12)
 o - a wand of roots (14)
 s - a wand of flame (16)
 A - a wand of charming (4)
Scrolls
 e - a scroll of amnesia {unknown}
 f - a scroll of summoning {unknown}
 h - a scroll of noise {unknown}
 j - 3 scrolls of immolation
 n - 6 scrolls of identify
 r - a scroll of silence
 v - 2 scrolls of revelation {unknown}
 x - 2 scrolls of enchant weapon {unknown}
 D - a scroll of teleportation {unknown}
 G - 2 scrolls of fog {unknown}
 N - a scroll of vulnerability {unknown}
Potions
 b - a potion of berserk rage {unknown}
 d - 3 potions of might
 g - a potion of resistance
 k - 2 potions of ambrosia {unknown}
 q - 2 potions of lignification
 w - a potion of heal wounds {unknown}
 z - a potion of mutation {unknown}
 B - 2 potions of enlightenment {unknown}
 C - a potion of attraction {unknown}
 E - a potion of degeneration {unknown}
 J - a potion of curing
 K - a potion of magic {unknown}


   Skills:
 + Level 8.2 Fighting
 + Level 11.3 Axes
 + Level 11.1 Armour
 + Level 3.5 Dodging
 + Level 0.2 Stealth
 + Level 6.6 Shields
 + Level 0.7 Unarmed Combat
 + Level 0.4 Evocations


You had 9 spell levels left.
You didn't know any spells.
Your spell library contained the following spells:

 Spells                   Type           Power      Damage    Failure   Level
 Magic Dart               Conj           0%         1d3       100%        1
 Shock                    Conj/Air       0%         1d3       100%        1
 Blink                    Tloc           0%         N/A       100%        2
 Call Imp                 Summ           0%         N/A       100%        2
 Static Discharge         Conj/Air       0%         3-3/arc   100%        2
 Dazzling Flash           Conj/Hex       0%         N/A       100%        3
 Swiftness                Air            0%         N/A       100%        3
 Volatile Blastmotes      Fire/Tloc      0%         2d10      100%        3
 Airstrike                Air            0%         2d(0-16)  100%        4
 Summon Lightning Spire   Summ/Air       0%         N/A       100%        4
 Starburst                Conj/Fire      0%         6d3       100%        6
 Maxwell's Capacitive Co  Air            0%         ∞         100%        8


Dungeon Overview and Level Annotations

Branches:
Dungeon (8/15)             Temple (1/1) D:7          Bailey (1/1)
   Lair: D:8-11

Altars:
Ashenzari
Cheibriados
Dithmenos
Elyvilon
Fedhas
Gozag
Hepliaklqana
Kikubaaqudgha
Makhleb
Nemelex Xobeh
Okawaru
Qazlal
Ru
Sif Muna
Trog
Uskayaw
Vehumet
Wu Jian
Xom
Yredelemnul
Zin

Shops:
D:5 *


Innate Abilities, Weirdness & Mutations

You have a pair of horns on your head.
You reflexively headbutt those who attack you in melee.


Message History

The orc warrior hits you with a +0 halberd.
You completely miss the orc warrior.
The orc warrior is severely wounded.
You feel yourself speed up.
The orc warrior hits you with a +0 halberd.
* * * LOW HITPOINT WARNING * * *
The orc warrior barely misses you.
You hit the orc warrior but do no damage.
You headbutt the orc warrior, but do no damage.
The orc warrior is severely wounded.
You completely miss the orc warrior.
The orc warrior is severely wounded.
The orc warrior hits you with a +0 halberd!
* * * LOW HITPOINT WARNING * * *
You slash the orc warrior!
You kill the orc warrior!
Trog accepts your kill.
The orc warrior hits you from afar with a +0 halberd.
* * * LOW HITPOINT WARNING * * *
Things that are here:
a +0 halberd; a +0 ring mail; an orc corpse The orc warrior attacks as it pursues you!
The orc warrior hits you from afar with a +0 halberd.
* * * LOW HITPOINT WARNING * * *
You recover from your berserk rage.
The orc warrior attacks as it pursues you!
The orc warrior hits you from afar with a +0 halberd!
* * * LOW HITPOINT WARNING * * *
The orc warrior attacks as it pursues you!
The orc warrior barely misses you.
Okay, then.
The orc warrior attacks as it pursues you!
The orc warrior hits you but does no damage.
You fade into invisibility!
The orc warrior barely misses you.
Things that are here:
a +0 halberd; a +0 scale mail
Items here: )) [[.
The orc warrior hits you with a +0 halberd!
You die...

#.~..##.$.# §§≈.≈≈§.
#.~~..##.## ≈§....≈≈
#∩.~~..#+# §§.⌠...≈
##.~~..# .§⌠∩⌠.o.
#.~~..## ≈§..oo≈≈
#.~..## ≈≈§≈§§§.
#.~.## .....§..
#.~.#############+###'
#.~))@o......##.....##
#.~~~)~~~~~~..##.∩.##.
#..........~~..## ##).
##########..~~..###..~
##..~~.....~~
##..~~~~~~~.
##......... ##########


You could see an orc warrior (unable to see you).

Vanquished Creatures
  Pikel (D:4)
  Maggie (D:7)
  Prince Ribbit (D:5)
  Grinder (D:5)
  Sigmund (D:6)
  Eustachio (D:5)
  A water moccasin (D:5)
  Duvessa (D:7)
  9 orc warriors
  An ice beast (D:5)
  A sky beast (D:7)
  3 ogres
  2 phantoms
  A bullfrog (D:7)
  A scorpion (D:7)
  14 wights
  Dowan (D:7)
  An electric eel (D:7)
  2 howler monkeys (D:7)
  2 bombardier beetles (D:3)
  2 jellies (D:6)
  7 orc priests
  3 hounds
  A sleepcap (D:5)
  9 orc wizards
  3 iguanas
  6 adders
  3 shadow imps
  3 white imps
  A ribbon worm (D:5)
  56 orcs
  3 endoplasms
  5 giant cockroaches
  4 goblins
  7 hobgoblins
  8 jackals
  3 quokkas
  7 ball pythons
  12 bats
  3 frilled lizards
  18 kobolds
  8 rats
218 creatures vanquished.

Vanquished Creatures (others)
  A wight (D:7)
1 creature vanquished.

Grand Total: 219 creatures vanquished

Notes
Turn   | Place    | Note
-------+----------+-------------------------------------------
     0 | D:1      | Maxxillo the Minotaur Fighter began the quest for the Orb.
     0 | D:1      | Reached XP level 1. HP: 19/19 MP: 0/0
   162 | D:1      | Reached XP level 2. HP: 27/27 MP: 1/1
   784 | D:2      | Reached XP level 3. HP: 33/33 MP: 2/2
  1463 | D:3      | Reached skill level 1 in Dodging
  1463 | D:3      | Reached XP level 4. HP: 12/40 MP: 3/3
  1468 | D:3      | HP: 1/40 [burnt (4)]
  1635 | D:3      | Found a faded altar of an unknown god.
  1948 | D:3      | Reached XP level 5. HP: 43/46 MP: 4/4
  2323 | D:4      | Noticed a lemure
  2324 | D:4      | Noticed a lemure
  2325 | D:4      | Noticed Pikel
  2325 | D:4      | Noticed a lemure
  2325 | D:4      | Noticed a lemure
  2343 | D:4      | Killed Pikel
  2344 | D:4      | Reached skill level 5 in Fighting
  2344 | D:4      | Reached skill level 5 in Armour
  2344 | D:4      | Reached XP level 6. HP: 36/56 MP: 5/5
  2344 | D:4      | Reached XP level 7. HP: 39/61 MP: 6/6
  3018 | D:4      | Reached XP level 8. HP: 67/69 MP: 7/7
  3086 | D:4      | HP: 2/69 [ogre/+0 giant spiked club (22)]
  3730 | D:4      | Found a hazy altar of Hepliaklqana.
  3928 | D:5      | Entered Level 5 of the Dungeon
  4158 | D:5      | Noticed Prince Ribbit
  4186 | D:5      | Killed Prince Ribbit
  4187 | D:5      | Reached skill level 5 in Shields
  4354 | D:5      | Noticed Grinder
  4367 | D:5      | Killed Grinder
  4644 | D:5      | Reached XP level 9. HP: 78/78 MP: 8/8
  4942 | D:5      | Noticed Eustachio
  4959 | D:5      | Killed Eustachio
  4999 | D:5      | Found Soofut's Assorted Antiques.
  5002 | D:5      | Bought a fizzy purple potion for 28 gold pieces
  5002 | D:5      | Bought a bronze wand for 128 gold pieces
  5002 | D:5      | Bought a green potion for 28 gold pieces
  5208 | D:6      | Reached skill level 10 in Axes
  5501 | D:6      | Found an opulent altar of Gozag.
  5552 | D:6      | Noticed Sigmund
  5766 | D:6      | Killed Sigmund
  6139 | D:7      | Found a white marble altar of Elyvilon.
  6489 | D:7      | Found a staircase to the Ecumenical Temple.
  6531 | Temple   | Entered the Ecumenical Temple
  6583 | Temple   | Became a worshipper of Trog the Wrathful
  6624 | D:7      | Noticed Maggie
  6646 | D:7      | Killed Maggie
  6654 | D:7      | Reached skill level 10 in Armour
  6661 | D:7      | HP: 3/79 [electric eel/bolt of electricity (2)]
  6662 | D:7      | HP: 1/79 [electric eel/bolt of electricity (1)]
  6958 | D:7      | Noticed Duvessa
  6958 | D:7      | Noticed Dowan
  6979 | D:7      | Killed Duvessa
  6986 | D:7      | Killed Dowan
  7006 | D:7      | Found a shadowy altar of Dithmenos.
  7263 | D:7      | Reached XP level 10. HP: 88/88 MP: 3/9
  7387 | D:7      | Reached * piety under Trog
  7846 | D:8      | Found a flagged portal.
  7854 | Bailey   | Entered a bailey
  8126 | Bailey   | Noticed an orc knight
  8187 | Bailey   | Slain by an orc warrior

Illustrated notes

Levels and vault maps discovered:
D:1:      dpeg_arrival_chambers_temple_mockup, layout_basic
D:2:      layout_loops_ring, lexackson_kobold_supper
D:3:      layout_basic, shapermc_ecumenical_altar_gd
D:4:      layout_cave_pods, nicolae_hepliaklqana_hippocampus, uniq_pikel
D:5:      layout_basic, serial_curves, eino_curves_02, eino_curves_04,
          serial_shops, nicolae_shop_real_fake_doors, uniq_prince_ribbit1,
          uniq_grinder, uniq_eustachio
D:6:      layout_cave_pools, grunt_gozag_breadcrumbs, chequers_avenue,
          uniq_sigmund
D:7:      layout_layer_cave, mainiacjoe_overflow_cross_hatched,
          nicolae_dithmenos_the_darkroom, temple_green, st_stairs_9,
          fountainhead, uniq_duvessa, uniq_maggie
D:8:      layout_basic, nicolae_tso_carved_into_rock, enter_bailey_2
Temple:   bh_familiar_temple
Bailey:   bailey_polearm_1, bailey

Skill      XL: |  1  2  3  4  5  6  7  8  9 10 |
---------------+-------------------------------+-----
Shields        | 4 5 6 |  6.6
Fighting       | 4 5 6 7 8 |  8.2
Armour         | 4 5 7 8 10 11 | 11.1
Axes           | 3 4 6 7 9 10 11 | 11.3
Dodging        | 1 2 3 |  3.5
Stealth        | |  0.2
Unarmed Combat | |  0.7
Evocations     | |  0.4

Action                     |  1- 3 |  4- 6 |  7- 9 | 10-12 || total
---------------------------+-------+-------+-------+-------++-------
  Melee: War axe           |    96 |    60 |   266 |    88 ||   510
         Headbutt          |    12 |    10 |    78 |    38 ||   138
         Hand axe          |       |       |   101 |    40 ||   141
         Unarmed           |       |       |    15 |       ||    15
 Invoke: Berserk           |       |       |       |     1 ||     1
  Evoke: Wand              |       |       |     2 |       ||     2
    Use: Potion            |       |     3 |     3 |     1 ||     7
         Scroll            |       |       |     3 |       ||     3
 Armour: Scale mail        |    48 |       |       |       ||    48
         Plate armour      |    20 |    40 |   243 |    82 ||   385
         Skin              |       |       |    24 |       ||    24
  Dodge: Dodged            |    41 |    13 |    93 |    40 ||   187
  Block: Buckler           |    20 |     5 |    80 |    41 ||   146
